 Dungeon Crawl Stone Soup version 0.28.0-45-g0d030f2227 (webtiles) character file.

Game seed: 2007427326292593438

16117 MisterFreud the Martial Artist (level 10, -5/90 HPs)
             Began as a Pale Draconian Transmuter on Apr 22, 2022.
             Was a Priest of Ru.
             Slain by a catoblepas (7 damage)
             ... while petrified by a catoblepas
             ... on level 9 of the Dungeon.
             The game lasted 00:27:43 (16207 turns).

MisterFreud the Martial Artist (DrTm)              Turns: 16207, Time: 00:27:43

Health: -5/90      AC:  7    Str: 18    XL:     10   Next: 7%
Magic:  12/15      EV:  2    Int: 16    God:    Ru [***...]
Gold:   554        SH:  0    Dex: 14    Spells: 1/16 levels left

rFire   . . .      SeeInvis .     - Unarmed
rCold   . . .      Faith    .   (shield currently unavailable)
rNeg    + + +      Spirit   .   (armour unavailable)
rPois   ∞          Reflect  .   (helmet restricted)
rElec   .          Harm     .   (no cloak)
rCorr   .          Rampage  .   (gloves currently unavailable)
Will    .....                   (no boots)
Stlth   +.........              p - amulet of the acrobat
HPRegen 0.25/turn               e - +6 ring of strength
MPRegen 0.14/turn               B - ring of positive energy

@: lethally poisoned (-5 -> -5), blade hands, petrified, studying Unarmed Combat
A: breathe steam, AC +7, unfitting armour, cold-blooded, unskilled 1,
inexperienced 1, steam resistance
a: Breathe Steam, End Transformation, Renounce Religion, Draw Out Power


You were on level 9 of the Dungeon.
You worshipped Ru.
Ru was most pleased with you.
You had blades for hands.
You visited 3 branches of the dungeon, and saw 13 of its levels.
You also visited: Sewer and Bailey.

You collected 554 gold pieces.

Inventory:

Missiles
 k - 35 poisoned darts
Armour
 f - a +0 pair of gloves (melded)
Jewellery
 d - an amulet of guardian spirit
 e - a +6 ring of strength (left blade hand)
 p - an amulet of the acrobat (around neck)
 B - a ring of positive energy (right blade hand)
 E - a ring of see invisible
Wands
 g - a wand of acid (2)
 t - a wand of paralysis (7)
 y - a wand of digging (6)
 z - a wand of mindburst (5)
 H - a wand of iceblast (2)
Scrolls
 a - a scroll of holy word {unknown}
 n - a scroll of blinking
 o - a scroll of immolation {unknown}
 s - a scroll of enchant weapon {unknown}
 u - 2 scrolls of noise {unknown}
 A - a scroll of brand weapon {unknown}
 C - a scroll of fog
 D - a scroll of fear {unknown}
 F - a scroll of vulnerability {unknown}
Potions
 b - 3 potions of flight
 c - 5 potions of magic
 h - 4 potions of invisibility
 i - 2 potions of brilliance {unknown}
 j - 5 potions of mutation
 l - a potion of heal wounds
 m - a potion of experience {unknown}
 q - 2 potions of might
 r - 10 potions of curing
 v - 3 potions of haste
 w - a potion of cancellation {unknown}
 x - 2 potions of resistance
 G - a potion of ambrosia {unknown}


   Skills:
 + Level 8.5 Fighting
 + Level 7.5 Dodging
 + Level 11.2 Unarmed Combat
 + Level 3.9 Spellcasting
 * Level 11.1 Transmutations
 - Level 3.6 Ice Magic


You had one spell level left.
You knew the following spells:

 Your Spells              Type           Power      Damage    Failure   Level
a - Beastly Appendage     Tmut           76%        N/A       9%          1
b - Wereblood             Tmut           38%        N/A       10%         2
c - Spider Form           Tmut/Pois      20%        N/A       34%         3
d - Ice Form              Ice/Tmut       26%        N/A       43%         4
e - Blade Hands           Tmut           19%        N/A       32%         5

Your spell library contained the following spells:

 Spells                   Type           Power      Damage    Failure   Level
 Sting                    Tmut/Pois      80%        1d7       21%         1
 Animate Skeleton         Necr           6%         N/A       58%         1
 Apportation              Tloc           6%         N/A       58%         1
 Pain                     Necr           12%        1d4       58%         1
 Ignite Poison            Fire/Tmut/Pois 15%        N/A       47%         3
 Blink                    Tloc           6%         N/A       69%         2
 Poisonous Vapours        Pois/Air       6%         N/A       69%         2
 Alistair's Intoxication  Tmut/Pois      13%        N/A       83%         5
 Irradiate                Conj/Tmut      10%        3d17      83%         5
 Yara's Violent Unravell  Hex/Tmut       10%        3d6       83%         5
 Gell's Gravitas          Tloc           3%         N/A       85%         3
 Lesser Beckoning         Tloc           3%         N/A       85%         3
 Summon Guardian Golem    Hex/Summ       3%         N/A       85%         3
 Teleport Other           Tloc           3%         N/A       85%         3
 Tukima's Dance           Hex            3%         N/A       85%         3
 Vampiric Draining        Necr           3%         2d6       85%         3
 Olgreb's Toxic Radiance  Pois           3%         N/A       99%         4
 Passage of Golubria      Tloc           3%         N/A       99%         4
 Manifold Assault         Tloc           3%         N/A       100%        5
 Summon Forest            Summ/Tloc      1%         N/A       100%        5
 Summon Mana Viper        Hex/Summ       3%         N/A       100%        5
 Dispersal                Tloc           1%         N/A       100%        6
 Summon Cactus Giant      Summ           1%         N/A       100%        6
 Orb of Destruction       Conj           1%         9d5       100%        7
 Spellforged Servitor     Conj/Summ      1%         N/A       100%        7


Dungeon Overview and Level Annotations

Branches:
Dungeon (11/15)            Temple (1/1) D:4            Lair (1/6) D:9
  Sewer (visited)          Bailey (visited)
    Orc: D:9-12

Altars:
Ashenzari
Cheibriados
Dithmenos
Elyvilon
Fedhas
Gozag
Hepliaklqana
Kikubaaqudgha
Makhleb
Nemelex Xobeh
Okawaru
Qazlal
Ru
Sif Muna
Trog
Uskayaw
Vehumet
Wu Jian
Xom
Yredelemnul
Zin
The Shining One

Shops:
D:5 [   D:6 *

Annotations:
D:7 2 transporters, Discosetron's ghost, novice MiHu
D:9 1 runed translucent door, Hydra2011's ghost, novice SpAK


Innate Abilities, Weirdness & Mutations

You have blades for hands.
You are immune to poison.
Your spellcasting is less reliable in this form.
You are incapable of wielding weapons or throwing items.
You can breathe blasts of scalding, opaque steam.
Your pale cyan-grey scales are hard. (AC +7)
You cannot fit into any form of body armour.
You are cold-blooded and may be slowed by cold attacks.
You are somewhat unskilled. (-1 Apt)
You are somewhat inexperienced. (-2 XL)
You are immune to the effects of steam.


Message History

The catoblepas breathes a plume of calcifying dust at you.
The blast of calcifying dust hits you. The cane toad barely misses you.
The blink frog is stunned by your conviction and fails to attack.
There is a staircase back to the Dungeon, spattered with blood here.
You are engulfed in calcifying dust.
You are slowing down.
You feel very sick. The blink frog closely misses you.
The blink frog blinks!
The cane toad stings you but does no damage.
The catoblepas gores you!
The blink frog hits you but does no damage.
You climb upwards.
Welcome back to the Dungeon!
Level annotation: 1 runed translucent door, Hydra2011's ghost, novice SpAK You feel extremely sick.
You have turned to stone.
The cane toad stings you. The blink frog hits you.
The catoblepas breathes a plume of calcifying dust at you.
The blast of calcifying dust hits you! The cane toad stings you!!
You are engulfed in calcifying dust.
The blink frog hits you! The catoblepas gores you!!
The cane toad stings you but does no damage.
The blink frog is stunned by your conviction and fails to attack.
You are engulfed in calcifying dust.
The blink frog blinks!
The catoblepas gores you but does no damage.
The cane toad stings you.
You are engulfed in calcifying dust.
The catoblepas is stunned by your conviction and fails to attack.
The cane toad completely misses you. The cane toad stings you!
You redirect the blink frog's attack!
The catoblepas gores you!
* * * LOW HITPOINT WARNING * * *
The blink frog hits you but does no damage.
The cane toad stings you!!
* * * LOW HITPOINT WARNING * * *
The catoblepas gores you but does no damage.
The blink frog blinks!
The cane toad stings you!!
* * * LOW HITPOINT WARNING * * *
The cane toad is no longer blind.
The catoblepas gores you!
You die...

#################################
.................................
...............F@##.........##...
.......###....#.Y##.........##...
.......###F......##.........##...
................[).).[.##...##...
...................).........>..#
......####+.8.########'##########
......#..................##......
......#.....8............##......
......#..................##......


You could see a catoblepas, a cane toad and a blink frog.

Vanquished Creatures
  6 two-headed ogres
  A wizard (D:9)
  A deep elf pyromancer (D:11)
  An ugly thing (D:8)
  A wolf spider (D:9)
  A manticore (D:7)
  3 unseen horrors
  A komodo dragon (D:7)
  3 trolls
  Prince Ribbit (D:5)
  A basilisk (D:11)
  A wyvern (D:8)
  A wraith (D:7)
  15 yaks
  2 steam dragons
  A vampire mosquito (D:9)
  An acid dragon (D:8)
  7 orc warriors
  2 ice beasts (D:7)
  A black bear (D:5)
  A necrophage (D:5)
  An ogre (D:6)
  5 wolves
  12 centaurs
  5 bullfrogs
  A gnoll sergeant (D:7)
  4 kobold brigands
  A wyvern zombie (D:5)
  A scorpion (D:5)
  13 killer bees
  A wight (D:8)
  4 electric eels (D:10)
  A howler monkey (D:5)
  4 centaur zombies
  A bullfrog zombie (D:6)
  7 orc priests
  A centaur skeleton (D:7)
  2 bullfrog skeletons
  7 iguanas
  10 orc wizards
  A killer bee zombie (D:6)
  A centaur simulacrum (D:9)
  Robin (D:3)
  2 howler monkey zombies
  11 gnolls (Bailey)
  8 adders
  2 river rats (D:3)
  2 shadow imps (D:8)
  2 white imps
  An adder skeleton (D:5)
  3 worms
  3 dart slugs
  51 orcs
  10 endoplasms
  4 giant cockroaches
  19 goblins
  10 hobgoblins
  9 jackals
  33 kobolds
  A quokka (D:1)
  11 ball pythons
  4 bats
  3 frilled lizards
  5 rats
330 creatures vanquished.

Vanquished Creatures (others)
  A wolf (Lair:1)
  A howler monkey zombie (D:9)
  An orc (D:9)
  2 kobolds (D:10)
  6 plants (D:3)
11 creatures vanquished.

Grand Total: 341 creatures vanquished

Notes
Turn   | Place    | Note
-------+----------+-------------------------------------------
     0 | D:1      | MisterFreud the Draconian Transmuter began the quest for
                  | the Orb.
     0 | D:1      | Reached XP level 1. HP: 16/16 MP: 3/3
   175 | D:1      | Reached XP level 2. HP: 23/23 MP: 3/5
   688 | D:1      | Reached XP level 3. HP: 25/29 MP: 4/6
   867 | D:1      | Found a faded altar of an unknown god.
  1498 | D:2      | Found a sparkling altar of Nemelex Xobeh.
  1838 | D:3      | Learned a level 2 spell: Wereblood
  1842 | D:3      | Learned a level 3 spell: Spider Form
  1969 | D:3      | Noticed Robin
  2040 | D:3      | Reached XP level 4. HP: 21/36 MP: 0/7
  2045 | D:3      | Killed Robin
  2181 | D:3      | Found a glowing drain.
  2206 | Sewer    | Entered a sewer
  2534 | Sewer    | Noticed a kobold brigand
  2545 | Sewer    | Killed a kobold brigand
  2546 | Sewer    | Reached skill level 5 in Unarmed Combat
  2546 | Sewer    | Reached XP level 5. HP: 35/41 MP: 5/8
  2725 | Sewer    | Identified the +9 trident "Goblinbane" {distort, Drain
                  | rCorr MP+9}
  3393 | D:4      | Found a glowing silver altar of Zin.
  3393 | D:4      | Noticed an angel
  3608 | D:4      | Reached XP level 6. HP: 48/48 MP: 9/9
  3979 | D:4      | Found a staircase to the Ecumenical Temple.
  3989 | Temple   | Entered the Ecumenical Temple
  4488 | D:5      | Entered Level 5 of the Dungeon
  4494 | D:5      | Reached skill level 5 in Transmutations
  4532 | D:5      | Found Lubruiri's Antique Armour Shop.
  4797 | D:5      | Your scales start taking on a pale cyan-grey colour.
  4797 | D:5      | Reached XP level 7. HP: 22/53 MP: 4/10
  4797 | D:5      | Gained mutation: You are immune to the effects of steam.
                  | [Pale Draconian growth]
  5057 | D:5      | Learned a level 4 spell: Ice Form
  5139 | D:5      | Reached skill level 1 in Ice Magic
  5202 | D:5      | Noticed Prince Ribbit
  5206 | D:5      | Killed Prince Ribbit
  5269 | D:5      | Reached XP level 8. HP: 63/63 MP: 11/11
  5973 | D:6      | Found Neteim's Serpentskin Sales.
  6143 | D:6      | Found a shimmering blue altar of Sif Muna.
  6408 | D:6      | Found an ancient bone altar of Kikubaaqudgha.
  6858 | D:7      | Noticed Discosetron's ghost (novice MiHu)
  6859 | D:7      | Found a transporter.
  6860 | D:7      | Identified the +5 dire flail "Ogrebane" {vorpal, *Noise
                  | Str+5 Int+8}
  6860 | D:7      | Noticed a two-headed ogre
  6863 | D:7      | Found a transporter.
  6989 | D:7      | Reached XP level 9. HP: 30/72 MP: 8/12
  7137 | D:7      | Reached skill level 10 in Unarmed Combat
  7146 | D:7      | Found a flagged portal.
  7159 | Bailey   | Entered a bailey
  7276 | Bailey   | Reached skill level 5 in Fighting
  7994 | Bailey   | Acquired the Incunabulum of Changing
  8083 | D:7      | Noticed a komodo dragon
  8087 | D:7      | Killed a komodo dragon
  8088 | D:7      | Reached skill level 5 in Dodging
  8089 | D:7      | Noticed a manticore
  8099 | D:7      | Killed a manticore
  8828 | D:7      | Found a sacrificial altar of Ru.
  8832 | D:7      | Became a worshipper of Ru the Awakened
  8903 | D:8      | Reached XP level 10. HP: 84/84 MP: 8/14
  9753 | D:9      | Found a runed translucent door.
  9879 | D:9      | Noticed a two-headed ogre
  9880 | D:9      | Noticed a wolf spider
  9887 | D:9      | Killed a two-headed ogre
  9888 | D:9      | Killed a wolf spider
 10313 | D:9      | Noticed a white ugly thing
 10313 | D:9      | Noticed a wizard
 10350 | D:8      | Gained mutation: You are somewhat inexperienced. (-2 XL)
                  | [Ru sacrifice]
 10350 | D:8      | Reached XP level 9. HP: 40/79 MP: 10/15
 10350 | D:8      | Reached XP level 8. HP: 40/73 MP: 10/14
 10350 | D:8      | Reached * piety under Ru
 10350 | D:8      | Reached ** piety under Ru
 10511 | D:8      | Killed a white ugly thing
 10850 | D:9      | Noticed a two-headed ogre
 10856 | D:9      | Killed a two-headed ogre
 10857 | D:9      | Reached skill level 10 in Transmutations
 10857 | D:9      | Reached XP level 9. HP: 42/80 MP: 3/15
 11272 | D:9      | Killed a wizard
 11308 | D:9      | Found a bloodstained altar of Trog.
 11387 | D:9      | Found a staircase to the Lair.
 11557 | D:9      | Noticed a two-headed ogre
 11567 | D:9      | Killed a two-headed ogre
 12168 | D:9      | Noticed Hydra2011's ghost (novice SpAK)
 12187 | D:10     | Entered Level 10 of the Dungeon
 13455 | D:11     | Learned a level 5 spell: Blade Hands
 13554 | D:11     | Noticed a deep elf pyromancer
 13561 | D:11     | Killed a deep elf pyromancer
 14038 | D:11     | Noticed a two-headed ogre
 14045 | D:11     | Killed a two-headed ogre
 14869 | D:10     | Gained mutation: You are somewhat unskilled. (-1 Apt) [Ru
                  | sacrifice]
 14869 | D:10     | Reduced skill Transmutations to level 10
 14869 | D:10     | Reached *** piety under Ru
 15111 | D:10     | Noticed a two-headed ogre
 15120 | D:10     | Killed a two-headed ogre
 15632 | D:11     | Noticed a two-headed ogre
 15640 | D:11     | Killed a two-headed ogre
 15641 | D:11     | Reached XP level 10. HP: 83/90 MP: 9/15
 15868 | Lair:1   | Entered Level 1 of the Lair of Beasts
 15891 | Lair:1   | Noticed a catoblepas
 15912 | D:9      | HP: 2/90 [wolf (5)]
 16206 | D:9      | HP: 1/90 [cane toad (10)]
 16207 | D:9      | Slain by a catoblepas

Illustrated notes

Levels and vault maps discovered:
D:1:      dpeg_arrival_fog, layout_loops_ring,
          dreamdust_ecumenical_altar_hidden_monk_grotto
D:2:      layout_loops_ring, basic_altar
D:3:      layout_basic, portal_sewer_entry_b, serial_bayou_pond_c,
          hangedman_abyss_or_decor_stabs, uniq_robin
D:4:      layout_loops_corners, zin_angel, minmay_temple_entry_drinking_statues,
          grunt_ministairs_2, serial_park_tiny_pond, minivault_11
D:5:      minmay_general_purpose_star, layout_loops_ring, serial_shops,
          nicolae_square_shop, eino_small_chamber_without_monster,
          uniq_prince_ribbit1
D:6:      layout_loops_ring, amcnicky_altar_gilded, led_sif_pool,
          nrook_pool_corridor, guppyfry_shop_venom
D:7:      minmay_cornered_nines, layout_basic, kennysheep_mini,
          gammafunk_ghost_smash, enter_bailey_5
D:8:      layout_basic
D:9:      nzn_winding_woodlands_small [nzn_winding_woodlands_5x15_zeroes,
          nzn_winding_woodlands_center_diamonds,
          nzn_winding_woodlands_5x15_sawtooth], layout_stronghold,
          ebering_ghost_reflecting_pool, serial_column_ruins,
          column_ruins_hut_pillars, column_ruins_grid_1, column_ruins_grid_1,
          column_ruins_grid_4, column_ruins_open_small,
          column_ruins_corridor_corner, column_ruins_open_tiny,
          column_ruins_columns_straight, minmay_ruined_shrine
D:10:     layout_basic, water_boxes_lemuel
D:11:     layout_loops_corners, skrybe_limestone_x
Temple:   mainiacjoe_temple_coin_purse
Lair:1:   layout_long_grid, grunt_forest_large_clearing_hut,
          infiniplex_staircase_pool, grunt_megastairs_3, serial_bayou_shore_b

Skill      XL: |  1  2  3  4  5  6  7  8  9 10 |
---------------+-------------------------------+-----
Dodging        | 2 3 7 7 6 |  7.5
Unarmed Combat | 4 5 7 8 9 11 11 | 11.2
Transmutations | 3 4 5 10 11 9 | 11.1
Fighting       | 3 4 8 7 |  8.5
Ice Magic      | 2 3 3 |  3.6
Spellcasting   | 3 4 |  3.9

Action                   |  1- 3 |  4- 6 |  7- 9 | 10-12 || total
-------------------------+-------+-------+-------+-------++-------
Melee: Unarmed           |   146 |   194 |   276 |    82 ||   698
       Kick              |    15 |    11 |       |       ||    26
       Headbutt          |    11 |     8 |       |       ||    19
       Punch             |     4 |     5 |    18 |     7 ||    34
       Tailslap          |     9 |    12 |    38 |     9 ||    68
 Cast: Beastly Appendage |    30 |     9 |     3 |       ||    42
       Spider Form       |     3 |    13 |     1 |     3 ||    20
       Ice Form          |       |       |    13 |     1 ||    14
       Blade Hands       |       |       |     7 |     2 ||     9
Invok: Sacrifice Experie |       |       |     1 |       ||     1
       Sacrifice Skill   |       |       |     1 |       ||     1
 Abil: Breathe Steam     |       |       |    76 |    12 ||    88
       End Transformatio |       |       |     6 |       ||     6
Evoke: Wand              |       |       |     5 |       ||     5
  Use: Scroll            |     2 |       |    12 |       ||    14
       Potion            |       |       |     2 |     1 ||     3
 Stab: Sleeping          |     1 |     3 |     1 |     1 ||     6
       Distracted        |       |       |     2 |       ||     2
Armor: Skin              |    28 |    34 |    97 |    32 ||   191
Dodge: Dodged            |    93 |   127 |   260 |   137 ||   617
